 Dungeon Crawl Stone Soup version 0.28-a0-313-gbc0475efdd (webtiles) character file.

Game seed: 5062212575080339359

739 frimble the Chiller (level 7, -2/51 HPs)
             Began as a Gnoll Ice Elementalist on Sept 1, 2021.
             Slain by a scorpion (3 damage)
             ... on level 5 of the Dungeon.
             The game lasted 00:05:26 (5719 turns).

frimble the Chiller (Gnoll Ice Elementalist)        Turns: 5719, Time: 00:05:27

Health: -2/51      AC: 12    Str:  6 (8)  XL:     7   Next: 75%
Magic:  14/15      EV: 12    Int: 15 (16) God:
Gold:   131        SH:  0    Dex:  9 (12) Spells: 8/17 levels left

rFire   . . .      SeeInvis .   g - +4 flail (protect)
rCold   . . .      Faith    .   (no shield)
rNeg    . . .      Spirit   .   k - +2 leather armour {rPois}
rPois   +          Reflect  .   (no helmet)
rElec   .          Harm     .   f - +0 cloak
rCorr   .          Rampage  .   (no gloves)
Will    .....                   j - +0 pair of boots
Stlth   ++........              (no amulet)
HPRegen 0.17/turn               (no ring)
MPRegen 0.14/turn               (no ring)

@: lethally poisoned (-2 -> -13), ice-armoured
A: fangs 1, strong nose, distributed training
a: no special abilities


You were on level 5 of the Dungeon.
You visited 1 branch of the dungeon, and saw 5 of its levels.

You collected 177 gold pieces.
You spent 46 gold pieces at shops.

Inventory:

Hand Weapons
 e - a +2 vorpal hand axe
 g - a +4 flail of protection (weapon)
Missiles
 h - 35 poisoned darts (quivered)
 i - 7 curare-tipped darts
Armour
 f - a +0 cloak (worn)
 j - a +0 pair of boots (worn)
 k - a +2 leather armour of poison resistance (worn)
Scrolls
 l - a scroll of identify
Potions
 b - a potion of cancellation
 c - a potion of curing {unknown}
 d - 3 potions of heal wounds {unknown}


   Skills:
 + Level 2.7 Fighting
 + Level 2.7 Short Blades
 + Level 2.7 Long Blades
 + Level 2.7 Axes
 + Level 2.7 Maces & Flails
 + Level 2.7 Polearms
 + Level 2.7 Staves
 + Level 2.7 Slings
 + Level 2.7 Bows
 + Level 2.7 Crossbows
 + Level 2.7 Throwing
 + Level 2.7 Armour
 + Level 5.3 Dodging
 + Level 5.0 Stealth
 + Level 2.7 Shields
 + Level 2.7 Unarmed Combat
 + Level 5.7 Spellcasting
 + Level 2.2 Conjurations
 + Level 2.2 Hexes
 + Level 2.2 Summonings
 + Level 2.2 Necromancy
 + Level 2.2 Translocations
 + Level 2.2 Transmutations
 + Level 2.2 Fire Magic
 + Level 7.5 Ice Magic
 + Level 2.2 Air Magic
 + Level 2.2 Earth Magic
 + Level 2.2 Poison Magic
 + Level 3.0 Invocations
 + Level 2.7 Evocations


You had 8 spell levels left.
You knew the following spells:

 Your Spells              Type           Power      Damage    Failure   Level
a - Frozen Ramparts       Ice            52%        1d7       3%          3
b - Passwall              Tmut/Erth      8%         N/A       14%         2
c - Freeze                Ice            100%       1d11      1%          1
d - Ozocubu's Armour      Ice            26%        N/A       3%          3

Your spell library contained the following spells:

 Spells                   Type           Power      Damage    Failure   Level
 Beastly Appendage        Tmut           20%        N/A       10%         1
 Sandblast                Erth           20%        2d7       10%         1
 Wereblood                Tmut           10%        N/A       14%         2
 Spider Form              Tmut/Pois      5%         N/A       28%         3
 Hailstorm                Conj/Ice       18%        3d6       30%         4
 Lee's Rapid Deconstruct  Erth           5%         3d7*      95%         5


Dungeon Overview and Level Annotations

Branches:
Dungeon (5/15)             Temple (0/1) D:5

Altars:

Shops:
D:2 (   D:4 *


Innate Abilities, Weirdness & Mutations

You have very sharp teeth.
Your uncanny sense of smell can sniff out nearby items.
Your experience applies equally to all skills.


Message History

The ogre hits you but does no damage. The scorpion stings you.
You barely miss the ogre.
The ogre is almost dead.
The scorpion stings you. The ogre hits you with a +0 giant club!
* * * LOW HITPOINT WARNING * * *
You sock the ogre!
Your weapon exudes an aura of protection.
You kill the ogre!
The scorpion stings you.
* * * LOW HITPOINT WARNING * * *
The scorpion misses you.
Your Stealth skill increases to level 5!
Your Invocations skill increases to level 3!
You hit the scorpion but do no damage. The scorpion misses you.
You hit the scorpion.
The scorpion is moderately wounded.
The scorpion stings you but does no damage.
The scorpion closely misses you.
You barely miss the scorpion.
The scorpion is moderately wounded.
The scorpion barely misses you.
You barely miss the scorpion.
The scorpion is lightly wounded.
The scorpion stings you.
* * * LOW HITPOINT WARNING * * *
The scorpion stings you but does no damage.
You barely miss the scorpion.
You bite the scorpion, but do no damage.
The scorpion is lightly wounded.
The scorpion stings you.
* * * LOW HITPOINT WARNING * * *
You are lethally poisoned!
The scorpion poisons you!
It was a potion of degeneration.
There was something very wrong with that liquid.
You feel weakened.
You feel dopey.
You feel clumsy.
* * * LOW HITPOINT WARNING * * *
You feel very sick. The scorpion stings you.
You die...

.... #... ..g# #....
#### . ..#
##...##...#.. ## ...#
#....#...... ##.#
....##.......#.#
.....##.##....>)...##
##...#.........@....##
.#.##.#.....<...s.....#
......................#
..............[....#.#
.......................
..##...........##..##.#
.. ##.........## #..# #
..###.......##### ....
..#....................


You could see a scorpion.

Vanquished Creatures
  Edmund (D:4)
  A necrophage (D:3)
  An ogre (D:5)
  2 water moccasin skeletons
  A jelly (D:4)
  A hound (D:4)
  An orc priest (D:3)
  A scorpion zombie (D:5)
  2 orc wizards
  3 gnolls (D:2)
  6 adders
  An ufetubus (D:4)
  3 dart slugs
  A worm (D:2)
  8 orcs
  9 endoplasms
  2 giant cockroaches
  6 goblins
  11 hobgoblins
  12 jackals
  4 kobolds
  4 quokkas
  6 ball pythons
  3 bats
  3 frilled lizards (D:1)
  5 rats
98 creatures vanquished.

Notes
Turn   | Place    | Note
-------+----------+-------------------------------------------
     0 | D:1      | frimble the Gnoll Ice Elementalist began the quest for the
                  | Orb.
     0 | D:1      | Reached XP level 1. HP: 13/13 MP: 6/6
   463 | D:1      | Reached XP level 2. HP: 15/19 MP: 5/7
   543 | D:1      | Found a faded altar of an unknown god.
  1125 | D:1      | Learned a level 2 spell: Passwall
  1172 | D:1      | Reached XP level 3. HP: 16/25 MP: 9/9
  1323 | D:1      | Reached skill level 5 in Spellcasting
  1422 | D:2      | Found Obaday's Weapon Emporium.
  1442 | D:2      | Bought 7 curare-tipped darts for 46 gold pieces
  1791 | D:2      | Reached skill level 1 in Invocations
  2252 | D:2      | Reached skill level 1 in Fighting
  2252 | D:2      | Reached skill level 1 in Short Blades
  2252 | D:2      | Reached skill level 1 in Long Blades
  2252 | D:2      | Reached skill level 1 in Axes
  2252 | D:2      | Reached skill level 1 in Maces & Flails
  2252 | D:2      | Reached skill level 1 in Polearms
  2252 | D:2      | Reached skill level 1 in Staves
  2252 | D:2      | Reached skill level 1 in Slings
  2252 | D:2      | Reached skill level 1 in Bows
  2252 | D:2      | Reached skill level 1 in Crossbows
  2252 | D:2      | Reached skill level 1 in Throwing
  2252 | D:2      | Reached skill level 1 in Armour
  2252 | D:2      | Reached skill level 1 in Shields
  2252 | D:2      | Reached skill level 1 in Unarmed Combat
  2252 | D:2      | Reached skill level 1 in Evocations
  2321 | D:2      | Reached XP level 4. HP: 25/32 MP: 11/11
  2487 | D:2      | Reached skill level 1 in Conjurations
  2487 | D:2      | Reached skill level 1 in Hexes
  2487 | D:2      | Reached skill level 1 in Summonings
  2487 | D:2      | Reached skill level 1 in Necromancy
  2487 | D:2      | Reached skill level 1 in Translocations
  2487 | D:2      | Reached skill level 1 in Transmutations
  2487 | D:2      | Reached skill level 1 in Fire Magic
  2487 | D:2      | Reached skill level 1 in Air Magic
  2487 | D:2      | Reached skill level 1 in Earth Magic
  2487 | D:2      | Reached skill level 1 in Poison Magic
  2938 | D:3      | Noticed a necrophage
  2956 | D:3      | Killed a necrophage
  2957 | D:3      | Reached XP level 5. HP: 10/37 MP: 3/12
  3641 | D:3      | Reached XP level 6. HP: 40/44 MP: 10/13
  3930 | D:3      | Learned a level 3 spell: Frozen Ramparts
  3935 | D:3      | Learned a level 3 spell: Ozocubu's Armour
  4459 | D:4      | Reached skill level 5 in Dodging
  4574 | D:4      | Found Dairist's Mass Market.
  4999 | D:4      | Reached XP level 7. HP: 37/50 MP: 15/15
  5113 | D:4      | Noticed Edmund
  5129 | D:4      | Killed Edmund
  5434 | D:5      | Entered Level 5 of the Dungeon
  5434 | D:5      | Found a staircase to the Ecumenical Temple.
  5714 | D:5      | Reached skill level 5 in Stealth
  5719 | D:5      | HP: 1/51 [poisoned by a scorpion]
  5719 | D:5      | Slain by a scorpion

Illustrated notes

Levels and vault maps discovered:
D:1:      mrwooster_arrival_statue, layout_basic,
          shapermc_ecumenical_altar_ellora
D:2:      layout_basic, serial_shops, nicolae_square_shop,
          grunt_decor_arrowhead, kennysheep_generic_room_3
D:3:      layout_loops_ring
D:4:      layout_loops_corners, minmay_shop_mass, uniq_edmund
D:5:      layout_cave_pools, vehumet_crystals, minmay_temple_entry_arrows

Skill      XL: |  1  2  3  4  5  6  7 |
---------------+----------------------+-----
Spellcasting   | 5 |  5.7
Invocations    | 1 2 3 |  3.0
Fighting       | 1 2 |  2.7
Short Blades   | 1 2 |  2.7
Long Blades    | 1 2 |  2.7
Axes           | 1 2 |  2.7
Maces & Flails | 1 2 |  2.7
Polearms       | 1 2 |  2.7
Staves         | 1 2 |  2.7
Slings         | 1 2 |  2.7
Bows           | 1 2 |  2.7
Crossbows      | 1 2 |  2.7
Throwing       | 1 2 |  2.7
Armour         | 1 2 |  2.7
Shields        | 1 2 |  2.7
Unarmed Combat | 1 2 |  2.7
Evocations     | 1 2 |  2.7
Conjurations   | 1 2 |  2.2
Hexes          | 1 2 |  2.2
Summonings     | 1 2 |  2.2
Necromancy     | 1 2 |  2.2
Translocations | 1 2 |  2.2
Transmutations | 1 2 |  2.2
Fire Magic     | 1 2 |  2.2
Air Magic      | 1 2 |  2.2
Earth Magic    | 1 2 |  2.2
Poison Magic   | 1 2 |  2.2
Dodging        | 5 |  5.3
Stealth        | 5 |  5.0
Ice Magic      | |  7.5

Action                   |  1- 3 |  4- 6 |  7- 9 || total
-------------------------+-------+-------+-------++-------
Melee: Unarmed           |    27 |       |       ||    27
       Bite              |     2 |     6 |     5 ||    13
       Punch             |     1 |     2 |       ||     3
       Hand axe          |    47 |   136 |     9 ||   192
       Flail             |       |       |    53 ||    53
Throw: Dart              |    18 |     8 |       ||    26
 Cast: Freeze            |    10 |    16 |       ||    26
       Frozen Ramparts   |       |     2 |     2 ||     4
       Ozocubu's Armour  |       |     1 |     2 ||     3
  Use: Scroll            |       |     4 |     1 ||     5
       Potion            |       |       |     1 ||     1
 Stab: Sleeping          |     6 |     4 |       ||    10
Armor: Robe              |    19 |     2 |       ||    21
       Leather armour    |       |    49 |    34 ||    83
Dodge: Dodged            |    78 |   110 |    58 ||   246

Table legend: (Time is in decaauts)
 A = Elapsed time spent in this place.
 B = Non-inter-level travel time spent in this place.
 C = Inter-level travel time spent in this place.
 D = Time resting spent in this place.
 E = Time spent auto-exploring this place.
 F = Levels seen in this place.
 G = Mean time per level.
                   A        B        C        D        E       F      G
               +--------+--------+--------+--------+--------+-----+--------+
         Total |   5776 |   5658 |    118 |      0 |   4734 |   5 | 1155.2 |
       Dungeon |   5776 |   5658 |    118 |      0 |   4734 |   5 | 1155.2 |
               +--------+--------+--------+--------+--------+-----+--------+

Top non-repeatable levels by time:
     D:1: 1673 daAuts
     D:2: 1481 daAuts
     D:4: 1294 daAuts
     D:3: 1030 daAuts
     D:5: 297 daAuts
